 Dungeon Crawl Stone Soup version 0.21-a0-85-ga0cb861 (webtiles) character file.

783 Spazmo the Magician (level 7, -1/40 HPs)
             Began as a Deep Elf Conjurer on June 25, 2017.
             Was an Initiate of Vehumet.
             Killed from afar by an orc wizard (9 damage)
             ... with a puff of flame
             ... on level 5 of the Dungeon.
             The game lasted 00:10:48 (3577 turns).

Spazmo the Magician (Deep Elf Conjurer)             Turns: 3577, Time: 00:10:48

Health: -1/40      AC:  6    Str:  5    XL:     7   Next: 55%
Magic:  0/19       EV: 20    Int: 22    God:    Vehumet [......]
Gold:   183        SH:  0    Dex: 20    Spells: 9/20 levels left

rFire    . . .     SeeInvis .   u - -1 dagger (curse)
rCold    . . .     Gourm    .   (no shield)
rNeg     . . .     Faith    .   a - +1 robe
rPois    .         Spirit   .   (no helmet)
rElec    .         Reflect  .   o - +2 cloak
rCorr    .         Harm     .   (no gloves)
MR       .....                  (no boots)
Stlth    +++.......             (no amulet)
HPRegen  0.13/turn              (no ring)
MPRegen  0.16/turn              (no ring)

@: agile
A: no striking features
a: Renounce Religion


You were on level 5 of the Dungeon.
You worshipped Vehumet.
Vehumet was noncommittal.
You were not hungry.

You visited 1 branch of the dungeon, and saw 5 of its levels.

You collected 183 gold pieces.

Inventory:

Hand Weapons
 e - a +0 short sword
 u - a cursed -1 dagger (weapon)
Missiles
 d - 143 stones (quivered)
Armour
 a - a +1 robe (worn)
 o - a +2 cloak (worn)
Wands
 x - a wand of lightning (15/15)
Scrolls
 f - 2 scrolls of remove curse
 g - 2 scrolls of immolation
 h - a scroll of fear
 i - 2 scrolls of teleportation
 r - 4 scrolls of identify
 s - 2 scrolls of amnesia
 w - a scroll of fog
 y - a scroll of recharging
Potions
 j - a potion of curing {unknown}
 k - a potion of invisibility
 l - a potion of flight
 m - a potion of lignification {unknown}
 n - a potion of haste {unknown}
 p - a potion of ambrosia {unknown}
 q - a potion of heal wounds {unknown}
Books
 b - a book of Conjurations

   Spells                             Type                      Level
   a - Magic Dart                     Conjuration                  1
   b - Searing Ray                    Conjuration                  2
   c - Dazzling Spray                 Conjuration/Hexes            3
   d - Fulminant Prism                Conjuration/Hexes            4
   e - Force Lance                    Conjuration/Translocation    4
   f - Iskenderun's Mystic Blast      Conjuration                  4
Comestibles
 c - 5 bread rations
 v - 4 chunks of flesh


   Skills:
 + Level 2.5 Fighting
 + Level 4.8 Dodging
 - Level 2.4 Stealth
 * Level 7.1 Spellcasting
 * Level 6.8 Conjurations


You had 9 spell levels left.
You knew the following spells:

 Your Spells              Type           Power        Failure   Level  Hunger
a - Magic Dart            Conj           ####         1%          1    None
b - Searing Ray           Conj           #####.       1%          2    None
c - Force Lance           Conj/Tloc      ###.....     21%         4    ###....
d - Iskenderun's Mystic   Conj           #####...     4%          4    ###....


Dungeon Overview and Level Annotations

Branches:
Dungeon (5/15)
 Temple: D:4-7

Altars:
Kikubaaqudgha
Vehumet
Xom
Yredelemnul


Message History

The magic dart hits the orc wizard.
The orc wizard is severely wounded.
The orc wizard closely misses you. The orc wizard completely misses you.
You closely miss the orc wizard.
The orc wizard is severely wounded.
The orc wizard points at you and mumbles some strange words.
The puff of frost misses you.
You hit the orc wizard but do no damage.
The orc wizard is severely wounded.
The orc wizard completely misses you. The orc wizard misses you.
You hit the orc wizard.
The orc wizard is almost dead.
The orc wizard mumbles some strange words.
The orc wizard flickers and vanishes!
Deactivating autopickup; reactivate with Ctrl-A.
You hit something but do no damage.
You hear some strange, mumbled words.
A puff of flame appears from out of thin air!
The puff of flame hits you!
You die...

#.#### #.# # #.# #.# . #)#
#.# #. #.# #.# #.##.# #.# ###
#.#.### #.#
...###....##############.#
###.(.#.#......{@......#.####
.......)[.)..#########.#....#
.##...###.##.# #.####.#####
#.### #.##.# #.........#. #)
#.##.# #..####.##.#. #.
#.##.# #..# #)##.#. .. ..##.#
#..# ##.##.## o. ####.##
#..###..#...# .o. #..#
#..##........


There were no monsters in sight!

Vanquished Creatures
  2 ice beasts (D:5)
  A phantom (D:4)
  An ogre (D:5)
  A centaur (D:5)
  A scorpion (D:5)
  A hound (D:5)
  2 orc wizards (D:5)
  Jessica (D:2)
  A worker ant (D:4)
  4 gnolls (D:3)
  2 adders (D:2)
  2 worms
  A dart slug (D:2)
  4 leopard geckos
  7 orcs
  6 bats
  5 giant cockroaches
  10 goblins
  9 hobgoblins
  3 jackals (D:2)
  2 quokkas
  4 frilled lizards
  A jackal zombie (D:5)
  11 kobolds
  4 rats
86 creatures vanquished.

Vanquished Creatures (others)
  A fungus (D:5)
1 creature vanquished.

Grand Total: 87 creatures vanquished

Notes
Turn   | Place    | Note
-------+----------+-------------------------------------------
     0 | D:1      | Spazmo the Deep Elf Conjurer began the quest for the Orb.
     0 | D:1      | Reached XP level 1. HP: 10/10 MP: 6/6
   194 | D:1      | Reached XP level 2. HP: 15/15 MP: 4/8
   198 | D:1      | Learned a level 2 spell: Searing Ray
   827 | D:2      | Reached XP level 3. HP: 20/20 MP: 0/10
  1048 | D:2      | Reached skill level 5 in Conjurations
  1247 | D:2      | Reached skill level 4 in Spellcasting
  1360 | D:2      | Noticed Jessica
  1365 | D:2      | Killed Jessica
  1365 | D:2      | Reached XP level 4. HP: 24/24 MP: 7/12
  1428 | D:2      | Reached skill level 1 in Fighting
  1718 | D:3      | Found a basalt altar of Yredelemnul.
  2079 | D:3      | Reached XP level 5. HP: 28/29 MP: 6/13
  2302 | D:3      | Found a shimmering altar of Xom.
  2799 | D:4      | Noticed a phantom
  2814 | D:4      | Killed a phantom
  2814 | D:4      | Reached skill level 5 in Spellcasting
  2814 | D:4      | Reached XP level 6. HP: 34/34 MP: 0/16
  2821 | D:4      | Learned a level 4 spell: Force Lance
  2826 | D:4      | Learned a level 4 spell: Iskenderun's Mystic Blast
  2950 | D:4      | Found a radiant altar of Vehumet.
  2951 | D:4      | Found an ancient bone altar of Kikubaaqudgha.
  2955 | D:4      | Became a worshipper of Vehumet
  3062 | D:5      | Entered Level 5 of the Dungeon
  3207 | D:5      | Noticed an ice beast
  3217 | D:5      | Killed an ice beast
  3217 | D:5      | Reached skill level 6 in Spellcasting
  3312 | D:5      | Reached XP level 7. HP: 40/40 MP: 8/18
  3526 | D:5      | Reached skill level 7 in Spellcasting
  3577 | D:5      | Killed from afar by an orc wizard

Vault maps used:
D:1:      dpeg_arrival_circle_labyrinth_a, hangedman_abyss_or_decor_lesser_grid,
          minmay_pentomino_o2
D:2:      first_bread, uniq_jessica
D:3:      lemuel_doored_altar, yredelemnul_altar_generic
D:4:      gammafunk_temple_overflow_statue
D:5:      old_forge, gup_sewer_entry_spiral, uniq_menkaure

Skill      XL: |  1  2  3  4  5  6  7 |
---------------+----------------------+-----
Dodging        | 3 4 |  4.8
Conjurations   | 5 6 |  6.8
Spellcasting   | 4 5 6 7 |  7.1
Fighting       | 1 2 |  2.5
Stealth        | |  2.4

Action                   |  1- 3 |  4- 6 |  7- 9 || total
-------------------------+-------+-------+-------++-------
Melee: Short sword       |    14 |     1 |       ||    15
       Dagger            |       |       |     8 ||     8
 Cast: Magic Dart        |    78 |    64 |    21 ||   163
       Searing Ray       |     2 |     9 |     4 ||    15
  Use: Scroll            |     6 |     3 |       ||     9
       Potion            |       |     3 |     1 ||     4
 Stab: Sleeping          |       |     1 |       ||     1
  Eat: Chunk             |     1 |     4 |       ||     5
       Meat ration       |       |     1 |       ||     1
Armor: Robe              |     1 |     2 |     2 ||     5
Dodge: Dodged            |    30 |    11 |    17 ||    58
